MLB
COLORADO ROCKIES @ PITTSBURGH PIRATES
07/01/2020
 
TOP OF THE 1ST
Colorado Rockies batting - Pitching for Pittsburgh Pirates : RHP James Marvel
Pitching: RHP James Marvel
Batting: RHB Garrett Hampson 0-0: Fly out, F3 (Popup, 3SF, EV 73.1 MPH)
Batting: RHB Trevor Story 0-0: Called Strike
0-1: Ball
1-1: Fly out, F6 (Popup, 6, EV 65.0 MPH)
Batting: LHB Charlie Blackmon 0-0: Called Strike
0-1: Swinging Strike
0-2: Ball
1-2: Strikes out looking
Top of the 1st over - 0 runs, 0 hits, 0 errors, 0 left on base; Colorado 0 - Pittsburgh 0
BOTTOM OF THE 1ST
Pittsburgh Pirates batting - Pitching for Colorado Rockies : LHP Kyle Freeland
Pitching: LHP Kyle Freeland
Batting: LHB Jarrod Dyson 0-0: Ball
1-0: Called Strike
1-1: Ball
2-1: Ball
3-1: Base on Balls
Batting: RHB Ke'Bryan Hayes 0-0: Grounds into double play, 4-6-3 (Groundball, 4, EV 105.0 MPH)
Batting: SHB Josh Bell 0-0: Ground out 5-3 (Groundball, 56S, EV 85.0 MPH)
Bottom of the 1st over - 0 runs, 0 hits, 0 errors, 0 left on base; Colorado 0 - Pittsburgh 0
TOP OF THE 2ND
Colorado Rockies batting - Pitching for Pittsburgh Pirates : RHP James Marvel
Batting: RHB Nolan Arenado 0-0: Called Strike
0-1: Foul Ball, location: 2F
0-2: Ball
1-2: Foul Ball, location: 2F
1-2: Ball
2-2: Ball
3-2: Foul Ball, location: 2F
3-2: Foul Ball, location: 2F
3-2: Foul Ball, location: 2F
3-2: Base on Balls
Batting: LHB Daniel Murphy 0-0: Ball
1-0: Foul Ball, location: 2F
1-1: Ground out 4-3 (Groundball, 34D, EV 96.3 MPH)
Nolan Arenado to second
Batting: LHB Raimel Tapia 0-0: Ball
1-0: Called Strike
1-1: Called Strike
1-2: Ground out 5-3 (Groundball, 5L, EV 86.3 MPH)
Batting: RHB Yonathan Daza 0-0: Fly out, F6 (Flyball, 6D, EV 86.9 MPH)
Top of the 2nd over - 0 runs, 0 hits, 0 errors, 1 left on base; Colorado 0 - Pittsburgh 0
BOTTOM OF THE 2ND
Pittsburgh Pirates batting - Pitching for Colorado Rockies : LHP Kyle Freeland
Batting: RHB Jacob Stallings 0-0: Called Strike
0-1: Ball
1-1: Ball
2-1: Foul Ball, location: 2F
2-2: Foul Ball, location: 2F
2-2: Strikes out swinging
Batting: LHB Gregory Polanco 0-0: Called Strike
0-1: Ball
1-1: Ball
2-1: Called Strike
2-2: Foul Ball, location: 2F
2-2: Foul Ball, location: 2F
2-2: Ball
3-2: Fly out, F9 (Flyball, 9LM, EV 78.8 MPH)
Batting: LHB Kevin Kramer 0-0: Swinging Strike
0-1: Ball
1-1: Foul Ball, location: 2F
1-2: Strikes out swinging
Bottom of the 2nd over - 0 runs, 0 hits, 0 errors, 0 left on base; Colorado 0 - Pittsburgh 0
TOP OF THE 3RD
Colorado Rockies batting - Pitching for Pittsburgh Pirates : RHP James Marvel
Batting: RHB Elias Diaz 0-0: Called Strike
0-1: Ball
1-1: Ball
2-1: Ball
3-1: Base on Balls
Batting: LHB Kyle Freeland 0-0: Ball
1-0: Sac Bunt to 23 - play at first, batter OUT! 3-4
Elias Diaz to second
Batting: RHB Garrett Hampson 0-0: Ball
1-0: Called Strike
1-1: Reached on error, E6 (Groundball, 6, EV 107.5 MPH)
Elias Diaz to third
Batting: RHB Trevor Story 0-0: Ball
1-0: Ball
2-0: Foul Ball, location: 2F
2-1: Called Strike
2-2: Strikes out looking
Batting: LHB Charlie Blackmon 0-0: Ball
1-0: Ball
2-0: Swinging Strike
2-1: Ball
3-1: Foul Ball, location: 2F
3-2: Ground out 4-3 (Groundball, 4, EV 88.8 MPH)
Top of the 3rd over - 0 runs, 0 hits, 1 error, 2 left on base; Colorado 0 - Pittsburgh 0
BOTTOM OF THE 3RD
Pittsburgh Pirates batting - Pitching for Colorado Rockies : LHP Kyle Freeland
Batting: RHB Guillermo Heredia 0-0: Called Strike
0-1: Ball
1-1: Swinging Strike
1-2: Foul Ball, location: 2F
1-2: Ground out 3-1 (Groundball, 34, EV 91.3 MPH)
Batting: LHB JT Riddle 0-0: Ball
1-0: Ball
2-0: Called Strike
2-1: Foul Ball, location: 2F
2-2: Fly out, F8 (Flyball, 8RS, EV 84.4 MPH)
Batting: RHB James Marvel 0-0: Ball
1-0: Called Strike
1-1: Fly out, F3 (Flyball, 3D, EV 78.1 MPH)
Bottom of the 3rd over - 0 runs, 0 hits, 0 errors, 0 left on base; Colorado 0 - Pittsburgh 0
TOP OF THE 4TH
Colorado Rockies batting - Pitching for Pittsburgh Pirates : RHP James Marvel
Batting: RHB Nolan Arenado 0-0: Called Strike
0-1: Ball
1-1: Ball
2-1: Foul Ball, location: 2F
2-2: Fly out, F5 (Popup, 5SF, EV 76.3 MPH)
Batting: LHB Daniel Murphy 0-0: Called Strike
0-1: Ball
1-1: SINGLE (Groundball, 6MD, EV 96.9 MPH)
Batting: LHB Raimel Tapia 0-0: Foul Ball, location: 2F
0-1: Fly out, F8 (Line Drive, 8LM, EV 92.5 MPH)
Batting: RHB Yonathan Daza 0-0: SINGLE (Groundball, 3, EV 101.3 MPH)
Daniel Murphy to second
Runner from 2nd tries for 3rd, SAFE, throw by RF made to third
Batting: RHB Elias Diaz 0-0: Ball
1-0: Ball
2-0: Foul Ball, location: 2F
Pickoff Throw to First - Out! 1-3
Top of the 4th over - 0 runs, 2 hits, 0 errors, 1 left on base; Colorado 0 - Pittsburgh 0
BOTTOM OF THE 4TH
Pittsburgh Pirates batting - Pitching for Colorado Rockies : LHP Kyle Freeland
Batting: LHB Jarrod Dyson 0-0: Ball
1-0: Bunt for hit to 2R - play at first, batter OUT! 2-3
Batting: RHB Ke'Bryan Hayes 0-0: Called Strike
0-1: Ball
1-1: Ball
2-1: SINGLE (Line Drive, 8RS, EV 100.6 MPH)
Batting: SHB Josh Bell 0-0: Ball
1-0: Called Strike
1-1: Ball
2-1: Ball
3-1: DOUBLE (Line Drive, 5D, EV 99.4 MPH)
Ke'Bryan Hayes to third
Runner from 3rd tries for Home, SAFE, throw by LF to trailing runner, SAFE at third!
Batting: RHB Jacob Stallings 0-0: Called Strike
0-1: Called Strike
0-2: Strikes out swinging
Batting: LHB Gregory Polanco 0-0: Called Strike
0-1: Swinging Strike
0-2: Foul Ball, location: 2F
0-2: 2-RUN HOME RUN (Flyball, 9D, EV 97.5 MPH), Distance : 385 ft
Batting: LHB Kevin Kramer 0-0: Called Strike
0-1: Swinging Strike
0-2: Strikes out swinging, 2-3 out at first.
Bottom of the 4th over - 3 runs, 3 hits, 0 errors, 0 left on base; Colorado 0 - Pittsburgh 3
TOP OF THE 5TH
Colorado Rockies batting - Pitching for Pittsburgh Pirates : RHP James Marvel
Batting: RHB Elias Diaz 0-0: Ball
1-0: Ground out 4-3 (Groundball, 4, EV 85.6 MPH)
Batting: LHB Kyle Freeland 0-0: Ball
1-0: Ball
2-0: Called Strike
2-1: Foul Ball, location: 2F
2-2: Foul Ball, location: 2F
2-2: Ball
3-2: Strikes out swinging
Batting: RHB Garrett Hampson 0-0: Fly out, F6 (Flyball, 5D, EV 88.1 MPH)
Top of the 5th over - 0 runs, 0 hits, 0 errors, 0 left on base; Colorado 0 - Pittsburgh 3
BOTTOM OF THE 5TH
Pittsburgh Pirates batting - Pitching for Colorado Rockies : LHP Kyle Freeland
Batting: RHB Guillermo Heredia 0-0: Ball
1-0: Swinging Strike
1-1: SINGLE (Groundball, 56D, EV 105.0 MPH)
Batting: LHB JT Riddle 0-0: Foul Ball, location: 2F
0-1: Called Strike
0-2: Ball
1-2: Fielders Choice at 2nd, 2-6 (Groundball, 13S, EV 70.0 MPH)
Batting: RHB James Marvel 0-0: Ball
1-0: Sac Bunt to 23 - play at second, runner OUT! 3-6
Batting: LHB Jarrod Dyson 0-0: Ball
1-0: Called Strike
1-1: Foul Ball, location: 2F
1-2: SINGLE (Groundball, 13S, EV 71.3 MPH) (infield hit)
James Marvel to second
Batting: RHB Ke'Bryan Hayes 0-0: Foul Ball, location: 2F
0-1: Foul Ball, location: 2F
0-2: Hit by Pitch
James Marvel to third
Jarrod Dyson to second
Batting: SHB Josh Bell 0-0: Foul Ball, location: 2F
0-1: Fly out, F7 (Flyball, 7LS, EV 89.4 MPH)
Bottom of the 5th over - 0 runs, 2 hits, 0 errors, 3 left on base; Colorado 0 - Pittsburgh 3
TOP OF THE 6TH
Colorado Rockies batting - Pitching for Pittsburgh Pirates : RHP James Marvel
Batting: RHB Trevor Story 0-0: Ball
1-0: Ball
2-0: Ball
3-0: Called Strike
3-1: Foul Ball, location: 2F
3-2: Base on Balls
Batting: LHB Charlie Blackmon 0-0: Ball
1-0: Ball
2-0: Foul Ball, location: 2F
2-1: Ball
3-1: Base on Balls
Trevor Story to second
Batting: RHB Nolan Arenado 0-0: Foul Ball, location: 2F
0-1: Grounds into double play, 5-4-3 (Groundball, 56, EV 75.6 MPH)
Trevor Story to third
Batting: LHB Daniel Murphy 0-0: Ball
1-0: DOUBLE (Line Drive, 7LS, EV 113.8 MPH)
Trevor Story scores
Batting: LHB Raimel Tapia 0-0: Ball
1-0: Ball
2-0: Ball
3-0: Called Strike
3-1: Called Strike
3-2: Base on Balls
Pitching: RHP Edgar Santana
Batting: RHB Yonathan Daza 0-0: Ball
1-0: Called Strike
1-1: Foul Ball, location: 2F
1-2: Ball
2-2: DOUBLE (Line Drive, 7LS, EV 102.5 MPH)
Daniel Murphy scores
Raimel Tapia to third
Runner from 3rd tries for Home, SAFE, throw by LF to trailing runner, SAFE at third!
Batting: RHB Elias Diaz 0-0: Intentional Walk
Batting: LHB Kyle Freeland 0-0: Foul Ball, location: 2F
0-1: Ball
1-1: Swinging Strike
1-2: Ball
2-2: Foul Ball, location: 2F
2-2: Strikes out looking
Top of the 6th over - 3 runs, 2 hits, 0 errors, 2 left on base; Colorado 3 - Pittsburgh 3
BOTTOM OF THE 6TH
Pittsburgh Pirates batting - Pitching for Colorado Rockies : LHP Kyle Freeland
Batting: RHB Jacob Stallings 0-0: Foul Ball, location: 2F
0-1: SINGLE (Groundball, 25, EV 61.3 MPH) (infield hit)
Batting: LHB Gregory Polanco 0-0: Ball
1-0: Ball
2-0: Grounds into double play, 4-6-3 (Groundball, 4, EV 100.6 MPH)
Batting: LHB Kevin Kramer 0-0: Foul Ball, location: 2F
0-1: Foul Ball, location: 2F
0-2: Ball
1-2: SINGLE (Groundball, 4MD, EV 96.3 MPH)
Batting: RHB Guillermo Heredia 0-0: Ball
1-0: Swinging Strike
1-1: Foul Ball, location: 2F
1-2: Ball
2-2: Ball
3-2: Base on Balls
Kevin Kramer to second
Batting: LHB JT Riddle 0-0: Ball
1-0: SINGLE (Line Drive, 34D, EV 105.6 MPH)
Kevin Kramer to third
Guillermo Heredia to second
Pinch Hitting: LHB Colin Moran 0-0: Reached on error, E2 (Groundball, 13S, EV 68.8 MPH)
Kevin Kramer scores
Guillermo Heredia scores
JT Riddle to third
Pitching: RHP Wade Davis
Batting: LHB Jarrod Dyson 0-0: Called Strike
0-1: Called Strike
0-2: Ball
1-2: Foul Ball, location: 2F
1-2: Ball
2-2: Ball
3-2: SINGLE (Groundball, 6MS, EV 68.8 MPH) (infield hit)
JT Riddle scores
Colin Moran to third
Batting: RHB Ke'Bryan Hayes 0-0: Foul Ball, location: 2F
0-1: Ball
1-1: Ball
2-1: Ball
3-1: Base on Balls
Jarrod Dyson to second
Batting: SHB Josh Bell 0-0: Called Strike
0-1: GRAND SLAM HOME RUN (Flyball, 9LD, EV 105.6 MPH), Distance : 377 ft
Batting: RHB Jacob Stallings 0-0: Ground out 5-3 (Groundball, 56S, EV 86.3 MPH)
Bottom of the 6th over - 7 runs, 5 hits, 1 error, 0 left on base; Colorado 3 - Pittsburgh 10
TOP OF THE 7TH
Colorado Rockies batting - Pitching for Pittsburgh Pirates : RHP Edgar Santana
Pitching: LHP Brandon Waddell
Batting: RHB Garrett Hampson 0-0: Ball
1-0: Called Strike
1-1: Swinging Strike
1-2: Ball
2-2: Strikes out swinging
Batting: RHB Trevor Story 0-0: DOUBLE (Line Drive, 7LS, EV 110.0 MPH)
Batting: LHB Charlie Blackmon 0-0: Foul Ball, location: 2F
0-1: Called Strike
0-2: Strikes out swinging
Batting: RHB Nolan Arenado 0-0: Ball
1-0: Fly out, F8 (Flyball, 78D, EV 86.3 MPH)
Top of the 7th over - 0 runs, 1 hit, 0 errors, 1 left on base; Colorado 3 - Pittsburgh 10
BOTTOM OF THE 7TH
Pittsburgh Pirates batting - Pitching for Colorado Rockies : RHP Wade Davis
Batting: LHB Gregory Polanco 0-0: Hit by Pitch
Batting: LHB Kevin Kramer 0-0: Grounds into double play, 4-6-3 (Groundball, 4, EV 81.3 MPH)
Batting: RHB Guillermo Heredia 0-0: Foul Ball, location: 2F
0-1: Ground out 6-3 (Groundball, 6, EV 82.5 MPH)
Bottom of the 7th over - 0 runs, 0 hits, 0 errors, 0 left on base; Colorado 3 - Pittsburgh 10
TOP OF THE 8TH
Colorado Rockies batting - Pitching for Pittsburgh Pirates : LHP Brandon Waddell
Batting: LHB Daniel Murphy 0-0: Swinging Strike
0-1: Swinging Strike
0-2: Strikes out looking
Batting: LHB Raimel Tapia 0-0: Called Strike
0-1: Fly out, F9 (Flyball, 9S, EV 88.8 MPH)
Batting: RHB Yonathan Daza 0-0: Ball
1-0: Foul Ball, location: 2F
1-1: Foul Ball, location: 2F
1-2: Foul Ball, location: 2F
1-2: Strikes out swinging
Top of the 8th over - 0 runs, 0 hits, 0 errors, 0 left on base; Colorado 3 - Pittsburgh 10
BOTTOM OF THE 8TH
Pittsburgh Pirates batting - Pitching for Colorado Rockies : RHP Wade Davis
Batting: LHB JT Riddle 0-0: Called Strike
0-1: Foul Ball, location: 2F
0-2: Strikes out swinging
Pitching: RHP Wes Parsons
Batting: LHB Brandon Waddell 0-0: Called Strike
0-1: Ball
1-1: SINGLE (Groundball, 34D, EV 111.9 MPH)
Batting: LHB Jarrod Dyson 0-0: Called Strike
0-1: Foul Ball, location: 2F
0-2: Ball
1-2: Ball
2-2: Ball
3-2: SINGLE (Line Drive, 8LS, EV 104.4 MPH)
Brandon Waddell to second
Batting: RHB Ke'Bryan Hayes 0-0: Ball
1-0: Ball
2-0: Ball
3-0: Called Strike
3-1: Fielders Choice at 2nd, 4-6 (Groundball, 4M, EV 101.3 MPH)
Brandon Waddell to third
Batting: SHB Josh Bell 0-0: Fly out, F7 (Flyball, 7S, EV 95.0 MPH)
Bottom of the 8th over - 0 runs, 2 hits, 0 errors, 2 left on base; Colorado 3 - Pittsburgh 10
TOP OF THE 9TH
Colorado Rockies batting - Pitching for Pittsburgh Pirates : LHP Brandon Waddell
Batting: RHB Elias Diaz 0-0: Ball
1-0: Foul Ball, location: 2F
1-1: Called Strike
1-2: Strikes out swinging
Pinch Hitting: LHB Tony Wolters 0-0: Called Strike
0-1: Ball
1-1: Called Strike
1-2: Ground out 6-3 (Groundball, 6S, EV 85.0 MPH)
Batting: RHB Garrett Hampson 0-0: Called Strike
0-1: Ball
1-1: Ball
2-1: Fly out, F3 (Popup, 3F, EV 79.4 MPH)
Top of the 9th over - 0 runs, 0 hits, 0 errors, 0 left on base; Colorado 3 - Pittsburgh 10
Tuesday, July 7th, 2020 - OOTP Baseball 21.4 Build 63